 Dungeon Crawl Stone Soup version 0.27-a0-1416-g941b2bd30b (webtiles) character file.

Game seed: 800938416077511631

502 bande the Shield-Bearer (level 7, -19/43 HPs)
             Began as a Gargoyle Fighter on July 1, 2021.
             Was an Initiate of Okawaru.
             Demolished by an ogre (29 damage)
             ... on level 4 of the Dungeon.
             The game lasted 00:06:13 (2852 turns).

bande the Shield-Bearer (Gargoyle Fighter)          Turns: 2852, Time: 00:06:14

Health: -19/43     AC: 14    Str: 23    XL:     7   Next: 17%
Magic:  7/7        EV: 10    Int:  9    God:    Okawaru [......]
Gold:   223        SH:  8    Dex: 10    Spells: 6/6 levels left

rFire    . . .     SeeInvis .   a - +0 war axe
rCold    . . .     Faith    .   c - +3 buckler "Cat Pam" {Fly Regen+ Str+3}
rNeg     + . .     Spirit   .   b - +0 scale mail
rPois    ∞         Reflect  .   (no helmet)
rElec    +         Harm     .   (no cloak)
rCorr    .         Rampage  .   (no gloves)
Will     .....                  (no boots)
Stlth    ..........             (no amulet)
HPRegen  1.14/turn              (no ring)
MPRegen  0.10/turn              (no ring)

@: flying
A: sickness immunity, AC +4, negative energy resistance 1, electricity
resistance, torment resistance 1, petrification resistance, iridescent scales 1,
passive freeze
a: Renounce Religion


You were on level 4 of the Dungeon.
You worshipped Okawaru.
Okawaru was noncommittal.
You visited 2 branches of the dungeon, and saw 5 of its levels.

You collected 223 gold pieces.

Inventory:

Hand Weapons
 a - a +0 war axe (weapon)
 k - a +0 war axe
Armour
 b - a +0 scale mail (worn)
 c - the +3 buckler "Cat Pam" (worn) {Fly Regen+ Str+3}
   (You acquired it on level 2 of the Dungeon)

   Str:       It affects your strength (+3).
   Fly:       It grants you flight.
   Regen:     It increases your rate of health regeneration.
Jewellery
 i - a +6 ring of intelligence
 j - a ring of flight
Scrolls
 g - a scroll of enchant weapon {unknown}
 l - a scroll of identify
Potions
 d - a potion of might
 e - 2 potions of lignification {unknown}
 f - 3 potions of curing
 h - 2 potions of heal wounds {unknown}


   Skills:
 + Level 4.1 Fighting
 + Level 4.6 Axes
 + Level 4.7 Armour
 + Level 1.1 Dodging
 - Level 0.4 Stealth
 + Level 4.9 Shields


You had 6 spell levels left.
You didn't know any spells.
Your spell library contained the following spells:

 Spells                   Type           Power      Damage    Failure   Level
 Foxfire                  Conj/Fire      0%         2x1d4     69%         1
 Conjure Flame            Conj/Fire      0%         6-21      96%         3
 Gell's Gravitas          Tloc           0%         N/A       96%         3
 Inner Flame              Hex/Fire       0%         N/A       96%         3
 Lesser Beckoning         Tloc           0%         N/A       96%         3
 Teleport Other           Tloc           0%         N/A       96%         3


Dungeon Overview and Level Annotations

Branches:
Dungeon (4/15)             Temple (1/1) D:4

Altars:
Ashenzari
Cheibriados
Elyvilon
Fedhas
Hepliaklqana
Makhleb
Okawaru
Vehumet

Shops:
D:2 =


Innate Abilities, Weirdness & Mutations

You are immune to sickness and miasma.
Your stone body is resilient. (AC +4)
You are immune to poison.
You resist negative energy. (rN+)
You are resistant to electric shocks. (rElec)
You are resistant to unholy torment.
You are immune to petrification.
You are partially covered in iridescent scales. (AC +2)
A frigid envelope surrounds you and freezes all who hurt you.


Message History

An orc comes into view. It is wielding a +0 hand axe.
An orc is nearby!
The orc hits you but does no damage.
The orc is very cold.
You kill the orc!
Okawaru accepts your kill.
No target in view!
No target in view!
No target in view!
No target in view!
Things that are here:
a +0 hand axe; 3 boomerangs; an orc corpse An ogre comes into view.
It is wielding a +0 giant club.
You slash the ogre!
The ogre is moderately wounded.
The ogre hits you with a +0 giant club!!
Ouch! That really hurt!
The ogre is very cold.
The ogre is moderately wounded.
You are too injured to fight recklessly!
You are too injured to fight recklessly!
You are too injured to fight recklessly!
You are too injured to fight recklessly!
You are too injured to fight recklessly!
You are too injured to fight recklessly!
You are too injured to fight recklessly!
You are too injured to fight recklessly!
You hit the ogre.
The ogre is moderately wounded.
The ogre barely misses you.
You hit the ogre.
The ogre is heavily wounded.
The ogre hits you with a +0 giant club!
* * * LOW HITPOINT WARNING * * *
The ogre is very cold.
The ogre is severely wounded.
You hit the ogre.
The ogre is almost dead.
The ogre hits you with a +0 giant club!!
Ouch! That really hurt!
You die...

##. ... #.# #.#
#.# #.# #O# #@#
#.# #.## ..
#####..# .
#....#.# .
#.##.#.## .#
...#.##.#..##.####
..................
........).........


You could see an ogre.

Vanquished Creatures
  Sigmund (D:3)
  An ogre (D:3)
  A scorpion (D:4)
  A water moccasin skeleton (D:4)
  A jelly (D:4)
  Jessica (D:2)
  A hound skeleton (D:2)
  2 adders (D:2)
  2 dart slugs
  An orc (D:4)
  5 bats
  10 endoplasms
  2 giant cockroaches
  9 hobgoblins
  3 jackals (D:4)
  4 kobolds
  5 quokkas
  2 ball pythons
  A frilled lizard (D:2)
  9 goblins
  10 rats
72 creatures vanquished.

Notes
Turn   | Place    | Note
-------+----------+-------------------------------------------
     0 | D:1      | bande the Gargoyle Fighter began the quest for the Orb.
     0 | D:1      | Reached XP level 1. HP: 14/14 MP: 1/1
   372 | D:1      | Reached XP level 2. HP: 19/19 MP: 2/2
   787 | D:1      | Found a faded altar of an unknown god.
  1121 | D:2      | Reached XP level 3. HP: 20/23 MP: 3/3
  1152 | D:2      | Gained mutation: You are partially covered in iridescent
                  | scales. (AC +2) [potion of mutation]
  1152 | D:2      | Gained mutation: A frigid envelope surrounds you and
                  | freezes all who hurt you. [potion of mutation]
  1226 | D:2      | Noticed Jessica
  1233 | D:2      | Killed Jessica
  1234 | D:2      | Reached XP level 4. HP: 28/28 MP: 4/4
  1500 | D:2      | Identified a scroll of acquirement
  1500 | D:2      | Acquired the +3 buckler "Cat Pam" {Fly Regen+ Str+3}
  1577 | D:2      | Found Sunudaa's Jewellery Emporium.
  2233 | D:3      | Noticed an ogre
  2239 | D:3      | Killed an ogre
  2240 | D:3      | Reached XP level 5. HP: 22/33 MP: 5/5
  2409 | D:3      | Noticed Sigmund
  2416 | D:3      | Killed Sigmund
  2417 | D:3      | Reached skill level 1 in Dodging
  2417 | D:3      | Reached XP level 6. HP: 38/38 MP: 6/6
  2642 | D:4      | Reached XP level 7. HP: 41/43 MP: 7/7
  2657 | D:4      | Found a staircase to the Ecumenical Temple.
  2677 | Temple   | Entered the Ecumenical Temple
  2783 | Temple   | Became a worshipper of Warmaster Okawaru
  2852 | D:4      | Demolished by an ogre

Illustrated notes

Levels and vault maps discovered:
D:1:      sevenhm_arrival_forest_fort_small_6, layout_basic,
          shapermc_ecumenical_altar_hornbeckon, minmay_pentomino_s4
D:2:      layout_basic, serial_shops, shop, feat_on_display, uniq_jessica
D:3:      layout_basic, minmay_quantized, uniq_sigmund
D:4:      layout_basic, minmay_temple_entry_stoned_glass
Temple:   roderic_octagonal_lattice_temple

Skill      XL: |  1  2  3  4  5 |
---------------+----------------+-----
Axes           | 2 3 4 |  4.6
Shields        | 4 |  4.9
Armour         | 4 |  4.7
Fighting       | 4 |  4.1
Dodging        | 1 |  1.1
Stealth        | |  0.4

Action                   |  1- 3 |  4- 6 |  7- 9 || total
-------------------------+-------+-------+-------++-------
Melee: War axe           |    83 |    59 |    19 ||   161
  Use: Scroll            |     2 |     3 |       ||     5
       Potion            |     1 |       |       ||     1
Armor: Scale mail        |    68 |    20 |    11 ||    99
Dodge: Dodged            |    28 |    18 |     5 ||    51
Block: Kite shield       |    45 |       |       ||    45
       Tower shield      |     5 |    12 |       ||    17
       Buckler           |       |    13 |     7 ||    20

Table legend: (Time is in decaauts)
 A = Elapsed time spent in this place.
 B = Non-inter-level travel time spent in this place.
 C = Inter-level travel time spent in this place.
 D = Time resting spent in this place.
 E = Time spent auto-exploring this place.
 F = Levels seen in this place.
 G = Mean time per level.
                   A        B        C        D        E       F      G
               +--------+--------+--------+--------+--------+-----+--------+
         Total |   2943 |   2929 |     14 |    106 |   2225 |   5 |  588.6 |
       Dungeon |   2815 |   2815 |      0 |    106 |   2124 |   4 |  703.8 |
        Temple |    127 |    113 |     14 |      0 |    101 |   1 |  127.0 |
               +--------+--------+--------+--------+--------+-----+--------+

Top non-repeatable levels by time:
     D:1: 1010 daAuts
     D:2: 846 daAuts
     D:3: 831 daAuts
     D:4: 127 daAuts
  Temple: 127 daAuts
